 Dungeon Crawl Stone Soup version 0.31-a0-177-g4aa6249778 (webtiles) character file.

Game seed: 941372791172411226

12392 Hajna the Severer (level 11, -10/95 HPs)
             Began as a Hill Orc Fighter on June 19, 2023.
             Was an Elder of Beogh.
             Hit by a large rock thrown by a cyclops (20 damage)
             ... on level 11 of the Dungeon.
             The game lasted 00:49:17 (10372 turns).

Hajna the Severer (Hill Orc Fighter)               Turns: 10372, Time: 00:49:17

Health: -10/95     AC: 23    Str: 24    XL:     11   Next: 92%
Magic:  12/12      EV:  7    Int:  8    God:    Beogh [****..]
Gold:   578        SH:  5    Dex: 10    Spells: 10/10 levels left

rFire   + . .        D - +3 executioner's axe (flame)
rCold   + . .        (shield currently unavailable)
rNeg    . . .        n - +2 plate armour
rPois   .            h - +0 helmet
rElec   +            I - +2 cloak {Will+}
rCorr   .            (no gloves)
SInv    .            k - +0 pair of boots
Will    +++..        e - amulet of reflection Stlth
                     r - ring of protection from cold
HPRegen 0.35/turn    p - ring of protection from fire
MPRegen 0.13/turn

%: reflection
@: hasted, studying Summonings, very quick
A: strong-willed 2, electricity resistance
a: Renounce Religion, Smiting, Recall Orcish Followers


You were on level 11 of the Dungeon.
You worshipped Beogh.
Beogh was greatly pleased with you.
You visited 1 branch of the dungeon, and saw 11 of its levels.
You visited the Abyss 1 time.
You also visited: Ossuary and Bailey.

You collected 578 gold pieces.

Inventory:

Hand Weapons
 a - a +4 war axe
 q - a +2 battleaxe
 D - a +3 executioner's axe of flaming (weapon)
Missiles
 f - 6 atropa-tipped darts
 i - 17 poisoned darts (quivered)
 z - 7 curare-tipped darts
 E - 2 throwing nets
Armour
 c - a +0 buckler
 d - the +1 helmet "Agufaire" {rPois rCorr Str-4 Int+4}
   (You found it on level 9 of the Dungeon)

   Str:       It affects your strength (-4).
   Int:       It affects your intelligence (+4).
   rPois:     It protects you from poison.
   rCorr:     It protects you from acid and corrosion.
 h - a +0 helmet (worn)
 k - a +0 pair of boots (worn)
 n - a +2 plate armour (worn)
 H - a +3 leather armour of cold resistance
 I - a +2 cloak of willpower (worn)
 J - a +2 helmet of intelligence
Jewellery
 e - an amulet of reflection (around neck)
 j - an amulet of magic regeneration
 p - a ring of protection from fire (right hand)
 r - a ring of protection from cold (left hand)
 t - a ring of resist corrosion
 G - a ring of resist corrosion
Wands
 o - a wand of roots (12)
 s - a wand of paralysis (6)
 y - a wand of flame (22)
 F - a wand of polymorph (8)
Scrolls
 u - 8 scrolls of teleportation
 w - 2 scrolls of fear
 C - 2 scrolls of fog
Potions
 b - a potion of enlightenment
 g - a potion of magic {unknown}
 l - a potion of invisibility
 m - 2 potions of curing
 x - 2 potions of ambrosia
 A - a potion of lignification
 B - a potion of haste
 K - a potion of might
Miscellaneous
 v - a lightning rod (4/4)
 L - a phial of floods
 M - a box of beasts
 N - a phantom mirror


   Skills:
 + Level 8.5 Fighting
 + Level 17.1 Axes
 + Level 1.3 Throwing
 + Level 10.3 Armour
 + Level 1.4 Dodging
 + Level 2.2 Stealth
 + Level 6.9 Shields
 * Level 2.3 Invocations
 * Level 1.6 Evocations


You had 10 spell levels left.
You didn't know any spells.
Your spell library contained the following spells:

 Spells                   Type           Power      Damage    Failure   Level
 Sandblast                Erth           0%         2d4       99%         1
 Passwall                 Tmut/Erth      0%         N/A       100%        2
 Call Canine Familiar     Summ           0%         N/A       100%        3
 Hailstorm                Conj/Ice       0%         3d3       100%        3
 Ignite Poison            Fire/Tmut/Pois 0%         N/A       100%        3
 Inner Flame              Hex/Fire       0%         N/A       100%        3
 Portal Projectile        Hex/Tloc       0%         N/A       100%        3
 Stone Arrow              Conj/Erth      0%         3d7       100%        3
 Flame Wave               Conj/Fire      0%         2d4       100%        4
 Ice Form                 Ice/Tmut       0%         N/A       100%        4
 Leda's Liquefaction      Hex/Erth       0%         N/A       100%        4
 Passage of Golubria      Tloc           0%         N/A       100%        4
 Sticky Flame             Conj/Fire      0%         2d3       100%        4
 Silence                  Hex/Air        0%         N/A       100%        5
 Simulacrum               Ice/Necr       0%         N/A       100%        6
 Ignition                 Fire           0%         3d3       100%        8
 Lehudib's Crystal Spear  Conj/Erth      0%         10d2      100%        8


Dungeon Overview and Level Annotations

Branches:
Dungeon (11/15)            Temple (0/1) D:5            Lair (0/5) D:9
Ossuary (visited)          Bailey (visited)
    Orc: D:9-12

Altars:
Gozag
Makhleb
Nemelex Xobeh
Okawaru
Qazlal
Trog
Xom
Zin
Lugonu

Shops:
D:4 (   D:7 *

Portals:
Abyss: D:3

Annotations:
D:11 Erica


Innate Abilities, Weirdness & Mutations

You are highly strong-willed. (Will++)
You are resistant to electric shocks. (rElec)


Message History

You hear some strange, mumbled words.
A lance of force appears from out of thin air!
The lance of force hits Borgk!!
Borgk is knocked back by the lance of force.
Borgk collides with your orc warrior!
Your orc warrior is lightly wounded.
Borgk is almost dead.
You swap places.
There is a stone staircase leading up here.
Okay, then.
It was a potion of haste.
You feel yourself speed up.
You swap places.
You are no longer corroded.
Your orc warrior no longer looks unusually strong.
You hear some strange, mumbled words.
A bolt of poison appears from out of thin air!
The bolt of poison hits your orc warrior!
Your orc warrior dies!
The bolt of poison hits Borgk!!
Borgk looks even sicker.
Borgk dies!
The bolt of poison hits you!
You are poisoned.
* * * LOW HITPOINT WARNING * * *
You feel better.
You swap places.
There is a stone staircase leading up here.
There is an escape hatch in the floor here.
You hear a zap.
A bolt of acid appears from out of thin air!
The bolt of acid hits your orc warrior! The acid corrodes your orc warrior!
Your orc warrior dies!
The bolt of acid hits your orc!
Your orc dies!
The bolt of acid hits you!
* * * LOW HITPOINT WARNING * * *
A cyclops comes into view.
The cyclops shouts!
The cyclops throws a large rock.
The large rock hits you!!
You die...

#C.#.#
#..#.#
##..#.#
...#.##.
#....# .
....##.##
#.......#
#@# #.#
#.# #.#
#.# #{#
#.# #)#
#.#####)#
#..>.<{)#
##.######
#.# ..#


You could see a cyclops.

Vanquished Creatures
  Snorg (D:10)
  2 centaur warriors (D:9)
  2 two-headed ogres
  The ghost of Mercurial the Blocker, a novice MiFi of Okawaru (D:8)
  A cyclops (D:9)
  Maurice (D:10)
  A manticore (D:9)
  A gargoyle (D:9)
  Maggie (D:6)
  A troll (D:9)
  Prince Ribbit (D:8)
  A vampire (D:9)
  3 shadows
  3 yaks (D:9)
  3 steam dragons
  Menkaure (Ossuary)
  3 water moccasins
  5 orc warriors
  3 sky beasts
  2 black bears (D:9)
  3 ice beasts
  A black bear (shapeshifter) (D:9)
  2 centaurs (D:5)
  3 wolves (D:10)
  A phantom (D:5)
  2 kobold brigands (D:7)
  5 bullfrogs
  3 gnoll sergeants
  A small abomination (Abyss:1)
  2 scorpions
  10 wights
  5 killer bees
  An electric eel (D:6)
  4 hounds
  A gnoll bouda (D:9)
  2 sleepcaps
  2 iguanas
  3 orc wizards
  4 mummies
  Robin (D:2)
  15 gnolls
  11 adders
  A shadow imp (D:6)
  4 worms
  11 orcs
  9 ball pythons
  6 endoplasms
  4 giant cockroaches
  16 goblins
  10 hobgoblins
  14 jackals
  A quokka (D:2)
  4 bats
  3 frilled lizards
  5 gnoll skeletons (Ossuary)
  3 gnoll zombies (Ossuary)
  5 goblin skeletons (Ossuary)
  4 goblin zombies (Ossuary)
  3 hobgoblin skeletons (Ossuary)
  7 hobgoblin zombies (Ossuary)
  17 kobolds
  A kobold skeleton (Ossuary)
  A kobold zombie (Ossuary)
  5 orc skeletons (Ossuary)
  6 orc zombies (Ossuary)
  4 rats
  6 rat skeletons (Ossuary)
  4 rat zombies (Ossuary)
273 creatures vanquished.

Vanquished Creatures (collateral kills)
  A centaur warrior (D:9)
  A deep elf pyromancer (Bailey)
  A hornet (D:9)
  Grum (D:10)
  2 orc warriors (Bailey)
  A wolf (D:10)
  3 killer bees
  A centaur simulacrum (D:9)
  3 gnolls (D:9)
  5 orcs
19 creatures vanquished.

Vanquished Creatures (others)
  2 orc knights
  3 orc warriors (D:11)
  2 orc wizards
  An orc priest (D:6)
  15 orcs
  An endoplasm (D:3)
24 creatures vanquished.

Grand Total: 316 creatures vanquished

Notes
Turn   | Place    | Note
-------+----------+-------------------------------------------
     0 | D:1      | Hajna the Hill Orc Fighter began the quest for the Orb.
     0 | D:1      | Reached XP level 1. HP: 19/19 MP: 1/1
    72 | D:1      | Reached XP level 2. HP: 27/27 MP: 2/2
   706 | D:2      | Reached skill level 3 in Axes
   739 | D:2      | Reached XP level 3. HP: 32/33 MP: 3/3
   811 | D:2      | Noticed Robin
   822 | D:2      | Killed Robin
   837 | D:2      | Reached XP level 4. HP: 24/39 MP: 4/4
  1098 | D:2      | Reached skill level 4 in Axes
  1369 | D:3      | Reached XP level 5. HP: 47/47 MP: 5/5
  1417 | D:3      | Became a worshipper of Beogh the Brigand
  1574 | D:3      | Found a one-way gate to the infinite horrors of the Abyss.
  1809 | D:3      | Found a glowing silver altar of Zin.
  2061 | D:3      | Found a large runed translucent door.
  2061 | D:3      | Found a large runed translucent door.
  2063 | D:3      | Found a corrupted altar of Lugonu.
  2287 | D:3      | Voluntarily entered the Abyss.
  2318 | Abyss:1  | Noticed a tormentor
  2326 | Abyss:1  | Noticed a starcursed mass
  2329 | Abyss:1  | Paralysed by accursed screaming for 1 turns
  2389 | Abyss:1  | Reached skill level 5 in Axes
  2389 | Abyss:1  | Reached XP level 6. HP: 45/53 MP: 6/6
  2391 | D:3      | Escaped the Abyss
  2501 | D:4      | Reached skill level 5 in Armour
  2797 | D:4      | Found Ciomoah's Antique Weapon Shoppe.
  3178 | D:4      | Found a burning altar of Makhleb.
  3178 | D:4      | Found a stormy altar of Qazlal.
  3180 | D:4      | Found an iron altar of Okawaru.
  3243 | D:5      | Entered Level 5 of the Dungeon
  3318 | D:5      | Reached * piety under Beogh
  3319 | D:5      | Reached skill level 6 in Axes
  3320 | D:5      | Reached XP level 7. HP: 46/60 MP: 7/7
  3419 | D:5      | Found a staircase to the Ecumenical Temple.
  3698 | D:5      | Reached skill level 5 in Fighting
  4009 | D:6      | Reached skill level 7 in Axes
  4018 | D:6      | Found a bloodstained altar of Trog.
  4021 | D:6      | Found a shimmering altar of Xom.
  4075 | D:6      | Reached XP level 8. HP: 68/68 MP: 8/8
  4080 | D:6      | Reached skill level 8 in Axes
  4126 | D:6      | Noticed a shadow
  4163 | D:6      | Found a sand-covered staircase.
  4175 | Ossuary  | Entered an ossuary
  4298 | Ossuary  | Reached ** piety under Beogh
  4506 | Ossuary  | Noticed Menkaure
  4514 | Ossuary  | Killed Menkaure
  4515 | Ossuary  | Reached skill level 9 in Axes
  4523 | Ossuary  | Reached *** piety under Beogh
  4747 | D:6      | Killed a shadow
  4748 | D:6      | Reached skill level 5 in Shields
  4756 | D:6      | Reached skill level 10 in Axes
  4756 | D:6      | Reached XP level 9. HP: 37/75 MP: 9/9
  4835 | D:6      | Noticed Maggie
  4862 | D:6      | Killed Maggie
  4863 | D:6      | Reached skill level 1 in Stealth
  5576 | D:7      | Noticed a two-headed ogre
  5647 | D:7      | Killed a two-headed ogre
  5648 | D:7      | Reached skill level 11 in Axes
  5648 | D:7      | Reached skill level 1 in Invocations
  5789 | D:7      | Reached skill level 1 in Evocations
  5918 | D:7      | Identified a scroll of acquirement
  5918 | D:7      | Acquired a +2 executioner's axe of flaming
  6051 | D:7      | Reached XP level 10. HP: 68/86 MP: 10/10
  6513 | D:7      | Found Noutur's General Store.
  6584 | D:8      | Reached skill level 12 in Axes
  6610 | D:8      | Found a runed translucent door.
  6614 | D:8      | Noticed Mercurial's ghost (novice MiFi)
  6674 | D:8      | Reached skill level 1 in Throwing
  6699 | D:8      | Reached skill level 1 in Dodging
  7028 | D:8      | Found a sparkling altar of Nemelex Xobeh.
  7384 | D:8      | Reached **** piety under Beogh
  7385 | D:8      | Reached skill level 13 in Axes
  7509 | D:8      | Noticed Prince Ribbit
  7512 | D:8      | Killed Prince Ribbit
  7724 | D:8      | Gained mutation: You are strong-willed. (Will+) [potion of
                  | mutation]
  7724 | D:8      | Gained mutation: You are resistant to electric shocks.
                  | (rElec) [potion of mutation]
  7724 | D:8      | Gained mutation: You are highly strong-willed. (Will++)
                  | [potion of mutation]
  7820 | D:8      | Killed Mercurial's ghost
  8065 | D:9      | Noticed a two-headed ogre
  8070 | D:9      | Killed a two-headed ogre
  8071 | D:9      | Reached skill level 14 in Axes
  8263 | D:9      | Reached XP level 11. HP: 86/92 MP: 11/11
  8314 | D:9      | Found a staircase to the Lair.
  8514 | D:9      | Reached skill level 15 in Axes
  8790 | D:9      | Noticed a cyclops
  8791 | D:9      | Noticed a manticore
  8791 | D:9      | Noticed a centaur warrior
  8791 | D:9      | Noticed a centaur warrior
  8799 | D:9      | Killed a centaur warrior
  8802 | D:9      | Killed a manticore
  8804 | D:9      | Killed a cyclops
  8804 | D:9      | Killed a centaur warrior
  8805 | D:9      | Reached skill level 16 in Axes
  8818 | D:9      | Noticed a centaur warrior
  8826 | D:9      | Killed a centaur warrior
  8826 | D:9      | Gained Borgk as an ally
  8890 | D:9      | Identified the +1 helmet "Agufaire" {rPois rCorr Str-4
                  | Int+4}
  9226 | D:10     | Entered Level 10 of the Dungeon
  9226 | D:10     | Noticed Grum
  9229 | D:10     | Noticed Maurice
  9232 | D:10     | Reached skill level 10 in Armour
  9232 | D:10     | Killed Grum
  9262 | D:10     | Killed Maurice
  9380 | D:10     | Found a flagged portal.
  9389 | Bailey   | Entered a bailey
  9449 | Bailey   | Found a large runed translucent door.
  9449 | Bailey   | Found a large runed translucent door.
  9450 | Bailey   | Noticed a deep elf pyromancer
  9451 | Bailey   | Noticed an orc knight
  9717 | Bailey   | Killed a deep elf pyromancer
  9878 | D:10     | Noticed Snorg
  9885 | D:10     | Killed Snorg
  9886 | D:10     | Reached skill level 17 in Axes
 10245 | D:10     | Found an opulent altar of Gozag.
 10344 | D:11     | Noticed Erica
 10362 | D:11     | Your ally Borgk died
 10372 | D:11     | Noticed a cyclops
 10372 | D:11     | Hit by a large rock thrown by a cyclops

Illustrated notes

Levels and vault maps discovered:
D:1:      amcnicky_arrival_abandoned_market, layout_basic
D:2:      layout_basic, uniq_robin
D:3:      due_chaos_kobolds, layout_basic, zin_academy
D:4:      layout_cave_pods, nicolae_overflow_hidden_temple, serial_shops,
          nicolae_shop_just_a_little_nook
D:5:      layout_rooms, minmay_temple_entry_sparse_star, serial_aquarium,
          aquarium_bridge_square [aquarium_subvault_wall,
          aquarium_subvault_wall, aquarium_subvault_bridge,
          aquarium_subvault_bridge], aquarium_window_corridor_1,
          aquarium_window_fake, aquarium_view_2a, aquarium_pool_corner,
          serial_bayou_ford_a, minmay_manual_mares
D:6:      layout_loops_cross, nicolae_overflow_squiral,
          gup_ossuary_entry_pyramid, reono_crystal_passage,
          minmay_chambers_of_fives, uniq_maggie
D:7:      layout_cave_pods, serial_shops, nicolae_shop_peninsula,
          hangedman_abyss_or_decor_lesser_grid
D:8:      layout_basic, mainiacjoe_overflow_chevrons, gammafunk_ghost_grave,
          uniq_prince_ribbit1
D:9:      minmay_shrinking_squares, layout_irregular_city,
          grunt_lair_entry_orc_guard_hut, kennysheep_path_1
D:10:     layout_small_grid, mainiacjoe_overflow_alcove_2, enter_bailey_6,
          uniq_maurice, uniq_snorg, uniq_grum
D:11:     layout_loops_ring, orc_0_dummy, uniq_erica

Skill      XL: |  1  2  3  4  5  6  7  8  9 10 11 |
---------------+----------------------------------+-----
Fighting       | 4 5 6 7 8 |  8.5
Axes           | 3 4 5 6 7 10 11 14 17 | 17.1
Armour         | 4 5 6 7 8 9 10 | 10.3
Shields        | 4 5 6 |  6.9
Stealth        | 2 |  2.2
Invocations    | 1 2 |  2.3
Evocations     | 1 |  1.6
Throwing       | 1 |  1.3
Dodging        | 1 |  1.4

Action                     |  1- 3 |  4- 6 |  7- 9 | 10-12 || total
---------------------------+-------+-------+-------+-------++-------
  Melee: War axe           |    69 |   159 |   273 |       ||   501
         Executioner's axe |       |       |    12 |   228 ||   240
  Throw: Dart              |       |       |     3 |    10 ||    13
 Invoke: Convert to Beogh  |       |     1 |       |       ||     1
         Smiting           |       |       |     2 |       ||     2
  Evoke: Wand              |       |       |     2 |     7 ||     9
    Use: Scroll            |     2 |     5 |    12 |     6 ||    25
         Potion            |       |     2 |     2 |     7 ||    11
   Stab: Invisible         |       |       |     5 |       ||     5
 Armour: Scale mail        |    36 |    51 |       |       ||    87
         Plate armour      |       |    42 |   142 |   196 ||   380
  Dodge: Dodged            |    36 |    76 |    71 |    98 ||   281
  Block: Buckler           |    15 |    60 |   146 |       ||   221
         Reflection        |       |       |     5 |       ||     5
         Other             |       |       |     1 |    56 ||    57

Table legend: (Time is in decaauts)
 A = Elapsed time spent in this place.
 B = Non-inter-level travel time spent in this place.
 C = Inter-level travel time spent in this place.
 D = Time resting spent in this place.
 E = Time spent auto-exploring this place.
 F = Levels seen in this place.
 G = Mean time per level.
                   A        B        C        D        E       F      G
               +--------+--------+--------+--------+--------+-----+--------+
         Total |  10524 |   9914 |    610 |      0 |   7915 |  14 |  751.7 |
       Dungeon |   9447 |   8837 |    610 |      0 |   7267 |  11 |  858.8 |
         Abyss |    102 |    102 |      0 |      0 |     66 |   1 |  102.0 |
       Ossuary |    575 |    575 |      0 |      0 |    296 |   1 |  575.0 |
        Bailey |    399 |    399 |      0 |      0 |    286 |   1 |  399.0 |
               +--------+--------+--------+--------+--------+-----+--------+

Top non-repeatable levels by time:
     D:8: 1461 daAuts
     D:9: 1257 daAuts
     D:6: 1051 daAuts
     D:3: 1032 daAuts
     D:7: 939 daAuts
     D:4: 813 daAuts
     D:5: 776 daAuts
    D:10: 719 daAuts
     D:1: 706 daAuts
     D:2: 662 daAuts
 Ossuary: 575 daAuts
  Bailey: 399 daAuts
 Abyss:1: 102 daAuts
    D:11: 25 daAuts
